 Dungeon Crawl Stone Soup version 0.18-a0-1211-g828307d (webtiles) character file.

6280 Gagarin the Thaumaturge (level 10, -3/60 HPs)
             Began as a High Elf Air Elementalist on Feb 1, 2016.
             Was a Priest of Vehumet.
             Slain by a komodo dragon (22 damage)
             ... on level 1 of the Lair of Beasts on Feb 2, 2016.
             The game lasted 01:16:25 (10773 turns).

Gagarin the Thaumaturge (HEAE)                     Turns: 10773, Time: 01:16:25

Health: -3/60      AC:  4    Str:  8    XL:     10   Next: 63%
Magic:  14/25      EV: 17    Int: 29    God:    Vehumet [***...]
Gold:   313        SH:  0    Dex: 18    Spells: 6 memorised, 16 levels left

rFire  . . .     SeeInvis +     A - staff of air
rCold  . . .     Gourm    .     a - +0 robe
rNeg   + . .     Faith    .     (no shield)
rPois  .         Spirit   .     (no helmet)
rElec  +         Dismiss  .     (no cloak)
rCorr  +         Reflect  .     (no gloves)
SustAt .         Harm     .     e - +1 pair of boots
MR     .....                    (no amulet)
Stlth  +++.......               S - ring of positive energy
                                K - ring of Lusmeucs {rCorr MR- Int+6 Dex+3 SInv}

@: lethally poisoned (-3 -> -5), repel missiles, not resistant to hostile
enchantments, fairly stealthy
A: no striking features
a: Renounce Religion


You were on level 1 of the Lair of Beasts.
You worshipped Vehumet.
Vehumet was most pleased with you.
You were hungry.

You visited 3 branches of the dungeon, and saw 10 of its levels.

You collected 502 gold pieces.
You spent 189 gold pieces at shops.

Inventory:

Hand Weapons
 d - a cursed +3 scimitar
 g - a +0 short sword
 j - a +6 dagger
 o - a +0 dagger of venom
 q - a +3 dagger of speed
 R - a +2 trident of venom
Armour
 a - a +0 robe (worn)
 e - a +1 pair of boots (worn)
Magical Staves
 A - an uncursed staff of air (weapon)
Jewellery
 p - an uncursed ring of protection from cold
 K - the ring of Lusmeucs (left hand) {rCorr MR- Int+6 Dex+3 SInv}
   (You bought it in a shop on level 5 of the Dungeon)

   [ring of resist corrosion]

   It affects your intelligence (+6).
   It affects your dexterity (+3).
   It affects your resistance to hostile enchantments.
   It lets you see invisible.
 M - an uncursed ring of protection from cold
 Q - a +2 ring of dexterity
 S - a ring of positive energy (right hand)
 U - an uncursed ring of wizardry {unknown}
Wands
 u - a wand of flame (4/48)
 x - a wand of heal wounds (2/9)
 y - a wand of heal wounds (1/9)
 z - a wand of lightning (5/15)
 B - a wand of iceblast (7/15)
 G - a wand of lightning (5/15)
 T - a wand of random effects (10/48)
Scrolls
 h - 4 scrolls of magic mapping
 l - a scroll of random uselessness
 s - a scroll of enchant armour
 t - a scroll of recharging
 v - 5 scrolls of remove curse
 C - a scroll of fear
 I - 2 scrolls of fog
 J - 3 scrolls of identify
 V - a scroll of enchant weapon
 W - a scroll of immolation
Potions
 f - a potion of lignification {unknown}
 i - a potion of cure mutation {unknown}
 k - a potion of brilliance {unknown}
 m - 2 potions of might
 r - a potion of curing
 w - a potion of agility {unknown}
 F - a potion of flight {unknown}
 L - a potion of heal wounds
 N - a potion of resistance {unknown}
 P - a potion of mutation {unknown}
Books
 b - a book of Air

   Spells                             Type                      Level
   a - Shock                          Conjuration/Air              1
   b - Swiftness                      Charms/Air                   2
   c - Repel Missiles                 Charms/Air                   2
   d - Static Discharge               Conjuration/Air              3
   e - Lightning Bolt                 Conjuration/Air              5
 D - a book of Spatial Translocations

   Spells                             Type                      Level
   a - Apportation                    Translocation                1
   b - Blink                          Translocation                2
   c - Shroud of Golubria             Charms/Translocation         2
   d - Portal Projectile              Translocation                3
   e - Teleport Other                 Translocation                3
   f - Passage of Golubria            Translocation                4
 E - a book of Frost

   Spells                             Type                      Level
   a - Freeze                         Ice                          1
   b - Throw Frost                    Conjuration/Ice              2
   c - Ozocubu's Armour               Charms/Ice                   3
   d - Throw Icicle                   Conjuration/Ice              4
   e - Summon Ice Beast               Ice/Summoning                4
   f - Condensation Shield            Ice                          4
 O - a book of Summonings

   Spells                             Type                      Level
   a - Recall                         Summoning/Translocation      3
   b - Aura of Abjuration             Summoning                    5
   c - Summon Demon                   Summoning                    5
   d - Summon Forest                  Summoning/Translocation      5
   e - Summon Mana Viper              Hexes/Summoning              5
   f - Shadow Creatures               Summoning                    6
Comestibles
 c - 4 bread rations
 n - 5 fruits
 H - a beef jerky
 X - 2 chunks of flesh


   Skills:
 + Level 2.2 Fighting
 + Level 0.4 Staves
 + Level 6.6 Dodging
 + Level 4.0 Stealth
 + Level 10.6 Spellcasting
 + Level 7.9 Conjurations
 + Level 1.3 Charms
 + Level 1.3 Translocations
 + Level 1.3 Ice Magic
 + Level 10.0 Air Magic
 + Level 1.8 Evocations


You had 16 spell levels left.
You knew the following spells:

 Your Spells              Type           Power        Failure   Level  Hunger
a - Shock                 Conj/Air       ####         1%          1    None
b - Swiftness             Chrm/Air       ######..     1%          2    None
c - Lightning Bolt        Conj/Air       #######...   1%          5    ###....
d - Blink                 Tloc           N/A          3%          2    None
e - Throw Frost           Conj/Ice       #####.       1%          2    None
f - Repel Missiles        Chrm/Air       ######       1%          2    None


Dungeon Overview and Level Annotations

Branches:
Dungeon (8/15)             Temple (1/1) D:6            Lair (1/8) D:8

Altars:
Ashenzari
Cheibriados
Dithmenos
Elyvilon
Fedhas
Gozag
Kikubaaqudgha
Makhleb
Nemelex Xobeh
Okawaru
Pakellas
Ru
Trog
Vehumet
Xom
Zin
The Shining One

Shops:
D:4 *   D:5 :*=(


Message History

You continue eating.
You feel sick.
You continue eating.
X - 2 chunks of flesh You feel sick.
You feel sick.
You feel sick.
You feel sick.
The komodo dragon hisses menacingly.
A porcupine comes into view.
Casting: Lightning Bolt
Confirm with . or Enter, or press ? or * to list all spells.
Aiming: Shock
Press: ? - help, Shift-Dir - straight line, f - komodo dragon
Aim: a komodo dragon You feel a surge of power!
The zap hits the komodo dragon.
The komodo dragon is lightly wounded.
The zap misses the komodo dragon.
The zap hits you! You resist.
The zap is repelled.
The komodo dragon bites you!!
You die...

#.....#..........# .>...
.##.....# ....#....# ..8#
........###P.##....####.. ..
.##................P##r######..
.................................
..(..............................
.................................
....................†?...........
##....P.#####.##@l.####..##......
#....#######.##..........+......
#....##......##...#......#......
##....##......+....#.............
#.....#.......##..........#......
##....##......♣♣♣♣♣♣...♣♣♣♣......
#....#####..♣♣ ♣♣♣♣♣ ♣♣.....
#....######♣ ♣♣♣♣♣♣♣♣♣♣♣♣♣ ♣....
##..........♣ ♣...........♣ ....


You could see a komodo dragon and a porcupine.

Vanquished Creatures
  Erolcha (D:8)
  Pikel (D:5)
  Joseph (D:8)
  A spiny frog (Lair:1)
  A fire drake (D:8)
  A hippogriff (Lair:1)
  5 water moccasins
  A porcupine (Lair:1)
  3 orc warriors
  3 slaves (D:5)
  2 ice beasts (D:6)
  Duvessa (D:5)
  A wasp (D:8)
  A black bear (D:6)
  2 sky beasts
  3 ogres
  A phantom (D:6)
  A centaur (D:6)
  2 big kobolds
  2 giant frogs
  4 scorpions
  A wyvern skeleton (D:8)
  Dowan (D:5)
  6 killer bees (D:7)
  5 wights (D:6)
  3 crimson imps
  A jelly (D:6)
  A wasp zombie (D:5)
  8 orc priests
  2 centaur skeletons
  A gnoll shaman (D:4)
  8 orc wizards
  A giant frog skeleton (D:8)
  3 iguanas
  Natasha (D:4)
  2 worker ants
  A killer bee zombie (D:5)
  A hound zombie (D:6)
  2 hound skeletons
  4 gnolls (D:4)
  5 adders
  An ooze (D:1)
  An adder skeleton (D:4)
  An adder zombie (D:6)
  4 worms
  5 giant geckos
  42 orcs
  6 giant cockroaches
  4 goblins
  9 hobgoblins
  12 jackals
  5 quokkas
  2 ball pythons
  8 bats
  2 giant gecko skeletons
  4 giant newts
  19 kobolds
  3 quokka skeletons
  A quokka zombie (D:7)
  12 rats
236 creatures vanquished.

Vanquished Creatures (others)
  An orc (D:5)
  A fungus (Lair:1)
2 creatures vanquished.

Grand Total: 238 creatures vanquished

Notes
Turn   | Place    | Note
--------------------------------------------------------------
     0 | D:1      | Gagarin the High Elf Air Elementalist began the quest for the Orb.
     0 | D:1      | Reached XP level 1. HP: 11/11 MP: 4/4
   200 | D:1      | Reached skill level 4 in Air Magic
   249 | D:1      | Reached XP level 2. HP: 13/17 MP: 2/6
   644 | D:1      | Reached XP level 3. HP: 21/21 MP: 2/8
  1068 | D:1      | Learned a level 2 spell: Swiftness
  1365 | D:2      | Found a bloodstained altar of Trog.
  2064 | D:3      | Found an opulent altar of Gozag.
  2152 | D:2      | Reached XP level 4. HP: 23/27 MP: 3/9
  2929 | D:3      | Found a shimmering altar of Xom.
  3097 | D:4      | Found Suwnegot's Elemental Accessories.
  3192 | D:4      | Noticed an ogre
  3215 | D:4      | Reached skill level 5 in Air Magic
  3387 | D:4      | Reached XP level 5. HP: 27/31 MP: 6/11
  3672 | D:4      | Found an ancient bone altar of Kikubaaqudgha.
  3673 | D:4      | Noticed an ogre
  3739 | D:3      | Learned a level 5 spell: Lightning Bolt
  3866 | D:4      | HP: 1/31 [worker ant (7)]
  3868 | D:4      | Reached skill level 1 in Charms
  4234 | D:4      | Reached XP level 6. HP: 37/37 MP: 5/13
  4314 | D:4      | Noticed Natasha
  4422 | D:5      | Entered Level 5 of the Dungeon
  4432 | D:5      | Noticed a sky beast
  4454 | D:5      | Noticed a slave
  4557 | D:6      | Found a glowing golden altar of the Shining One.
  4655 | D:6      | Found an oddly glowing altar of Pakellas.
  4677 | D:6      | Reached skill level 6 in Air Magic
  5037 | D:6      | Found a staircase to the Ecumenical Temple.
  5046 | Temple   | Entered the Ecumenical Temple
  5153 | Temple   | Became a worshipper of Ru the Awakened
  5206 | D:6      | Noticed an orc warrior
  5208 | D:6      | Noticed a water moccasin
  5215 | D:6      | Killed a water moccasin
  5215 | D:6      | Reached XP level 7. HP: 23/42 MP: 9/15
  5218 | D:6      | Reached skill level 5 in Spellcasting
  5547 | D:6      | Reached skill level 1 in Fighting
  5809 | D:6      | Reached skill level 7 in Air Magic
  5855 | D:6      | Reached XP level 8. HP: 44/48 MP: 4/18
  5911 | D:6      | Found a radiant altar of Vehumet.
  5964 | D:6      | Reached skill level 1 in Evocations
  6040 | D:6      | Fell from the grace of Ru
  6040 | D:6      | Became a worshipper of Vehumet
  6198 | D:5      | Learned a level 2 spell: Blink
  6216 | D:5      | Found a shadowy altar of Dithmenos.
  6263 | D:5      | Learned a level 2 spell: Throw Frost
  6460 | D:5      | Found Xecuag's Jewellery Shoppe.
  6540 | D:5      | Noticed Pikel
  6564 | D:5      | Killed Pikel
  6564 | D:5      | Reached skill level 5 in Dodging
  6564 | D:5      | Reached skill level 5 in Conjurations
  6564 | D:5      | Reached skill level 1 in Ice Magic
  6909 | D:5      | Found Nydidwod's Book Shop.
  6912 | D:5      | Found Gywimn's Assorted Antiques.
  6917 | D:5      | Noticed Dowan
  6919 | D:5      | Noticed Duvessa
  6924 | D:5      | HP: 2/48 [orc priest/divine providence (14)]
  7162 | D:5      | Killed Dowan
  7391 | D:4      | Killed Natasha
  7391 | D:4      | Reached * piety under Vehumet
  7391 | D:4      | Offered knowledge of Sting by Vehumet.
  7496 | D:5      | Reached XP level 9. HP: 22/54 MP: 9/21
  7523 | D:5      | Killed Duvessa
  7523 | D:5      | Reached skill level 8 in Air Magic
  7692 | D:5      | Found Xakk's Antique Weapon Emporium.
  7720 | D:5      | Found a burning altar of Makhleb.
  7722 | D:5      | Found a glowing silver altar of Zin.
  7722 | D:5      | Noticed an angel
  7723 | D:5      | Noticed a green death
  7829 | D:5      | Bought a scroll of identify for 54 gold pieces
  7829 | D:5      | Bought a bound amber ring for 135 gold pieces
  7829 | D:5      | Identified the ring of Lusmeucs {rCorr MR- Int+6 Dex+3 SInv} (You bought it in a shop on level 5 of the Dungeon)
  8025 | D:5      | Found a glowing golden altar of the Shining One.
  8256 | D:6      | Reached skill level 1 in Translocations
  8368 | D:7      | Learned a level 2 spell: Repel Missiles
  8439 | D:7      | Offered knowledge of Searing Ray by Vehumet.
  8489 | D:7      | Reached ** piety under Vehumet
  8626 | D:7      | Reached skill level 9 in Spellcasting
  9255 | D:8      | Noticed Joseph
  9286 | D:8      | Offered knowledge of Stone Arrow by Vehumet.
  9287 | D:8      | Upgraded the game from 0.18-a0-1203-gbde16db to 0.18-a0-1211-g828307d
  9443 | D:8      | Found a staircase to the Lair.
  9498 | D:8      | Noticed a fire drake
  9507 | D:8      | Killed a fire drake
  9507 | D:8      | Reached XP level 10. HP: 60/60 MP: 18/24
  9532 | D:8      | Noticed Erolcha
  9534 | D:8      | Killed Erolcha
  9560 | D:8      | Killed Joseph
  9560 | D:8      | Reached skill level 10 in Spellcasting
  9843 | D:8      | Reached *** piety under Vehumet
 10472 | Lair:1   | Entered Level 1 of the Lair of Beasts
 10548 | Lair:1   | Offered knowledge of Olgreb's Toxic Radiance by Vehumet.
 10645 | Lair:1   | Noticed a spiny frog
 10660 | Lair:1   | Killed a spiny frog
 10660 | Lair:1   | Reached skill level 10 in Air Magic
 10773 | Lair:1   | Slain by a komodo dragon

Vault maps used:
D:1:      saegor_arrival_simple_b, hangedman_abyss_or_decor_stabs
D:2:      first_bread, trog_three_pillars_becter
D:3:      tgw_xom, nicolae_gozag_seed_capital
D:4:      lemuel_round_altar, nicolae_elemental_shop, uniq_natasha
D:5:      grunt_temple_overflow_order_and_chaos_2,
          nicolae_dithmenos_shadow_blocks, serial_shops, nicolae_shop_stone,
          kennysheep_mini, shop, shop_fountains, basic_altar, uniq_pikel,
          uniq_duvessa
D:6:      lemuel_round_altar, overflow_temple_1_default, lemuel_crystal_altar,
          temple_green
D:8:      minmay_lair_entry_lava, uniq_joseph, uniq_erolcha
Temple:   cyrus_temple_forest_13
Lair:1:   st_stairs_6, bh_autumn_forest_stairs

Action                   |  1- 3 |  4- 6 |  7- 9 | 10-12 || total
-------------------------+-------+-------+-------+-------++-------
Melee: Spear             |    52 |       |       |       ||    52
       Dagger            |    14 |    18 |       |       ||    32
       Staff             |       |    16 |    36 |     1 ||    53
 Cast: Shock             |   106 |   128 |   294 |    79 ||   607
       Swiftness         |     2 |     2 |     4 |       ||     8
       Throw Frost       |       |       |    14 |     5 ||    19
       Lightning Bolt    |       |       |    10 |    13 ||    23
       Blink             |       |       |     4 |       ||     4
       Repel Missiles    |       |       |       |     2 ||     2
Evoke: Wand              |       |     9 |     7 |     3 ||    19
  Use: Scroll            |     2 |     7 |     3 |     5 ||    17
       Potion            |       |     2 |     1 |       ||     3
 Stab: Distracted        |       |       |     1 |       ||     1
  Eat: Chunk             |     4 |     4 |    13 |     5 ||    26
       Meat ration       |       |     1 |       |       ||     1
       Pizza             |       |       |     1 |       ||     1
